 Dungeon Crawl Stone Soup version 0.31-a0-744-gbc345e7fcb (webtiles) character file.

Game seed: 17041640438640997302

244890 Joey1 the Slayer (level 19, -4/191 HPs)
             Began as a Minotaur Fighter on Sept 12, 2023.
             Was the Champion of Okawaru.
             Shot with an arrow by a deep elf master archer (15 damage)
             ... on level 3 of the Elven Halls on Sept 14, 2023.
             The game lasted 02:31:16 (30108 turns).

Joey1 the Slayer (Minotaur Fighter)                Turns: 30108, Time: 02:31:17

Health: -4/191     AC: 29    Str: 30    XL:     19   Next: 16%
Magic:  28/28      EV:  9    Int:  5    God:    Okawaru [******]
Gold:   1080       SH: 18    Dex:  9    Spells: 18/18 levels left

rFire   . . .        k - +1 broad axe of Sharkskin {speed, rF- rN+ SInv}
rCold   + . .        o - +0 tower shield
rNeg    + + +        v - +12 plate armour of the Orb Guardian {rN+}
rPois   .            z - +2 hat of the Soft Locust {rN+}
rElec   +            J - +0 cloak {Will+}
rCorr   .            W - +2 pair of gloves "Met Luz" {Rampage rC+ Regen+ Str+2}
SInv    +            T - +0 pair of boots
Will    ++...        A - amulet of Vitality {RegenMP++ Regen++} Stlth
                     L - ring of fire
HPRegen 2.91/turn    S - ring "Ullaoh" {rElec rC+}
MPRegen 1.01/turn

%: rampage
@: about to teleport
A: horns 2, retaliatory headbutt, clumsy 1, deformed body
}: 1/15 runes: barnacled
a: Renounce Religion, Heroism, Finesse, Duel


You were on level 3 of the Elven Halls.
You worshipped Okawaru.
Okawaru was exalted by your worship.
You visited 6 branches of the dungeon, and saw 25 of its levels.
You visited the Abyss 2 times.
You also visited: Bailey and Desolation.

You collected 4042 gold pieces.
You spent 2962 gold pieces at shops.

Inventory:

Hand Weapons
 c - a +0 hand axe of flaming
 k - the +1 broad axe of Sharkskin (weapon) {speed, rF- rN+ SInv}
   (Okawaru gifted it to you on level 1 of the Shoals)

   rF-:       It makes you vulnerable to fire.
   rN+:       It protects you from negative energy.
   SInv:      It lets you see invisible.
 G - a +2 broad axe of freezing
Missiles
 B - 5 javelins
 Z - 7 throwing nets
Armour
 o - a +0 tower shield (worn)
 p - a +2 kite shield of reflection
 v - the +12 plate armour of the Orb Guardian (worn) {rN+}
   (You found it on level 2 of the Dungeon)

   rN+:       It protects you from negative energy.
 z - the +2 hat of the Soft Locust (worn) {rN+}
   (Okawaru gifted it to you on level 4 of the Shoals)

   rN+:       It protects you from negative energy.
 J - a +0 cloak of willpower (worn)
 M - the +7 plate armour "Vaqu" {rElec Will+ SInv}
   (Okawaru gifted it to you on level 3 of the Shoals)

   rElec:     It insulates you from electricity.
   Will+:     It increases your willpower.
   SInv:      It lets you see invisible.
 O - a +0 pair of boots of flying
 T - a +0 pair of boots (worn)
 W - the +2 pair of gloves "Met Luz" (worn) {Rampage rC+ Regen+ Str+2}
   (You bought it in a shop on level 4 of the Shoals)

   Str+2:     It affects your strength (+2).
   rC+:       It protects you from cold.
   Regen+:    It increases your rate of health regeneration.
   Rampage:   It bestows one free step when moving towards enemies.
Jewellery
 e - the ring "Ewko" {Wiz rCorr Int+3 Dex+3 Stlth+}
   (You found it in the Desolation of Salt)

   [ring of wizardry]

   Wiz:       It improves your spell success rate.
   Int+3:     It affects your intelligence (+3).
   Dex+3:     It affects your dexterity (+3).
   rCorr:     It protects you from acid and corrosion.
   Stlth+:    It makes you more stealthy.
 g - the amulet "Caloisy" {RegenMP Dex+3}
   (You found it in the Desolation of Salt)

   [amulet of magic regeneration]

   RegenMP:   It increases your rate of magic regeneration.
   Dex+3:     It affects your dexterity (+3).
 m - the ring of Keckudu {rPois MP+9 Str-2 Int+5 Dex-5}
   (You found it in the Desolation of Salt)

   [ring of magical power]

   Str-2:     It affects your strength (-2).
   Int+5:     It affects your intelligence (+5).
   Dex-5:     It affects your dexterity (-5).
   rPois:     It protects you from poison MP+9: It affects your magic capacity
   (+9).
 r - an amulet of reflection
 A - the amulet of Vitality (around neck) {RegenMP++ Regen++}
   (You acquired it on level 2 of the Orcish Mines)

   [amulet of magic regeneration]

   RegenMP:   It increases your rate of magic regeneration.
   Regen++:   It increases your rate of health regeneration.
 D - the amulet "Zimustrocw" {Spirit -Cast rN+ Str+4 Stlth+}
   (You found it in the Desolation of Salt)

   [amulet of guardian spirit]

   Spirit:    It causes incoming damage to be divided between your reserves of
   health and magic.
   Str+4:     It affects your strength (+4).
   rN+:       It protects you from negative energy.
   -Cast:     It prevents spellcasting.
   Stlth+:    It makes you more stealthy.
 L - a ring of fire (left hand)
 P - a +6 ring of strength
 R - a ring of protection from cold
 S - the ring "Ullaoh" (right hand) {rElec rC+}
   (You found it on level 4 of the Shoals)

   [ring of protection from cold]

   rC+:       It protects you from cold.
   rElec:     It insulates you from electricity.
 U - a ring of positive energy
 Y - a ring of willpower
Wands
 j - a wand of polymorph (8)
 l - a wand of flame (76)
 u - a wand of paralysis (10)
 C - a wand of digging (3)
 Q - a wand of roots (30)
Scrolls
 b - 3 scrolls of enchant armour
 s - 5 scrolls of enchant weapon
 t - 10 scrolls of teleportation
 x - 5 scrolls of fog
 y - 3 scrolls of brand weapon
 E - 5 scrolls of fear
 N - a scroll of blinking
 X - 4 scrolls of revelation
Potions
 a - 3 potions of berserk rage
 d - 7 potions of might
 f - 13 potions of curing
 h - 9 potions of haste
 n - a potion of ambrosia
 q - 4 potions of resistance
 w - 4 potions of cancellation
 F - 9 potions of lignification
 H - a potion of enlightenment
 I - 3 potions of mutation
 V - 3 potions of attraction
Miscellaneous
 i - a phial of floods
 K - a tin of tremorstones (2/2)


   Skills:
 - Level 22.0 Fighting
 - Level 22.0 Axes
 - Level 10.0 Armour
 - Level 10.0 Dodging
 - Level 16.0 Shields
 + Level 13.6 Invocations
 - Level 10.0 Evocations


You had 18 spell levels left.
You didn't know any spells.
Your spell library contained the following spells:

 Spells                   Type           Power      Damage    Failure   Level
 Apportation              Tloc           0%         N/A       100%        1
 Necrotise                Necr           0%         1d4       100%        1
 Shock                    Conj/Air       0%         1d3       100%        1
 Sting                    Tmut/Pois      0%         1d3       100%        1
 Cigotuvi's Dreadful Rot  Necr/Pois/Air  0%         N/A       100%        2
 Passwall                 Tmut/Erth      0%         N/A       100%        2
 Poisonous Vapours        Pois/Air       0%         N/A       100%        2
 Static Discharge         Conj/Air       0%         2-2/arc   100%        2
 Sublimation of Blood     Necr           0%         N/A       100%        2
 Wereblood                Tmut           0%         N/A       100%        2
 Frozen Ramparts          Ice            0%         1d1       100%        3
 Gell's Gravitas          Tloc           0%         N/A       100%        3
 Hailstorm                Conj/Ice       0%         3d3       100%        3
 Ozocubu's Armour         Ice            0%         N/A       100%        3
 Stone Arrow              Conj/Erth      0%         3d7       100%        3
 Teleport Other           Tloc           0%         N/A       100%        3
 Airstrike                Air            0%         2d(0-16)  100%        4
 Dimensional Bullseye     Hex/Tloc       0%         N/A       100%        4
 Dispel Undead            Necr           0%         3d6       100%        4
 Iskenderun's Mystic Bla  Conj/Tloc      0%         2d3       100%        4
 Leda's Liquefaction      Hex/Erth       0%         N/A       100%        4
 Olgreb's Toxic Radiance  Pois           0%         N/A       100%        4
 Passage of Golubria      Tloc           0%         N/A       100%        4
 Petrify                  Tmut/Erth      0%         N/A       100%        4
 Alistair's Intoxication  Tmut/Pois      0%         N/A       100%        5
 Arcjolt                  Conj/Air       0%         1d10      100%        5
 Irradiate                Conj/Tmut      0%         3d11      100%        5
 Iskenderun's Battlesphe  Conj           0%         2d6       100%        5
 Lee's Rapid Deconstruct  Erth           0%         3d4*      100%        5
 Metabolic Englaciation   Hex/Ice        0%         N/A       100%        5
 Yara's Violent Unravell  Hex/Tmut       0%         3d3       100%        5
 Dispersal                Tloc           0%         N/A       100%        6
 Leda's Unmaking          Conj/Erth      0%         9d1       100%        6
 Lehudib's Crystal Spear  Conj/Erth      0%         10d2      100%        8
 Chain Lightning          Conj/Air       0%         N/A       100%        9
 Summon Small Mammal      Summ           Unusable   N/A       N/A         1
 Tukima's Dance           Hex            Unusable   N/A       N/A         3
 Animate Armour           Summ/Erth      Unusable   N/A       N/A         4
 Summon Ice Beast         Ice/Summ       Unusable   N/A       N/A         4
 Summon Lightning Spire   Summ/Air       Unusable   N/A       N/A         4
 Death Channel            Necr           Unusable   N/A       N/A         6
 Simulacrum               Ice/Necr       Unusable   N/A       N/A         6
 Spellforged Servitor     Conj/Summ      Unusable   N/A       N/A         7

Dungeon Overview and Level Annotations

Branches:
Dungeon (10/15)            Temple (1/1) D:6            Lair (5/5) D:10
 Shoals (4/4) Lair:3       Spider (0/4) Lair:3        Slime (0/5) Lair:4
    Orc (2/2) D:9             Elf (3/3) Orc:2        Bailey (visited)
Desolation (visited)

Altars:
Ashenzari
Cheibriados
Dithmenos
Elyvilon
Fedhas
Gozag
Hepliaklqana
Kikubaaqudgha
Makhleb
Nemelex Xobeh
Okawaru
Qazlal
Ru
Sif Muna
Trog
Uskayaw
Vehumet
Wu Jian
Xom
Yredelemnul
Zin
The Shining One

Shops:
D:1 !   D:2 ?![?(   D:3 !   D:6 [   D:9 =   Orc:2 *[:*!   Shoals:4 *

Portals:
Pandemonium: Orc:2

Annotations:
Elf:1 4 runed translucent doors, exclusion: 4 doors


Innate Abilities, Weirdness & Mutations

You have a pair of horns on your head.
You reflexively headbutt those who attack you in melee.
You are clumsy. (Dex -2)
Armour fits poorly on your strangely shaped body.


Message History

The arrow closely misses you.
You closely miss the deep elf master archer.
The deep elf master archer is moderately wounded.
The deep elf master archer unwields a +2 longbow of freezing.
The deep elf master archer hits you but does no damage.
You barely miss the deep elf master archer.
You headbutt the deep elf master archer, but do no damage.
The deep elf master archer is moderately wounded.
You closely miss the deep elf master archer.
The deep elf master archer is moderately wounded.
The deep elf master archer wields a +2 longbow of freezing.
It is covered in frost.
The deep elf master archer shoots an arrow.
You block the arrow.
You slice the deep elf master archer!!
The deep elf master archer is severely wounded.
You miss the deep elf blademaster.
The deep elf master archer shoots an arrow.
The arrow hits you!!!
* * * LOW HITPOINT WARNING * * *
The arrow freezes you.
* * * LOW HITPOINT WARNING * * *
The deep elf demonologist mumbles some strange words.
The deep elf blademaster hits you with a +0 rapier!
* * * LOW HITPOINT WARNING * * *
You block the deep elf blademaster's attack.
As you read the scroll of teleportation, it crumbles to dust.
You feel strangely unstable.
The deep elf master archer shoots an arrow.
The arrow hits you!!
* * * LOW HITPOINT WARNING * * *
The arrow freezes you.
* * * LOW HITPOINT WARNING * * *
The deep elf blademaster hits you with a +0 rapier.
* * * LOW HITPOINT WARNING * * *
The deep elf blademaster hits you with a +0 rapier.
* * * LOW HITPOINT WARNING * * *
The deep elf master archer shoots an arrow.
The arrow hits you!
You die...

#............##..#..#
#.†
#....##.......##....#
#.. #e#..
#..#....#....## #..
#.##. #.. ...##....#
#.) . ## ..#
44.#....# #.. ...
#e.##...# #..
....#...#.8.# ##..
#...3.81#...# #...
#...)@#.).#
#######..#
##..e.e[8)#
#........# #....#[[.#
#........#
##.8.#...###.#####..#
#...#.8.#...# #..#
#..##...#...# #..#
...#....##..#####...
#..##....##..........
...#.....##......[).#


You could see a Hell Sentinel (summoned), a deep elf blademaster, a deep elf
master archer, a deep elf demonologist, an ice devil (summoned), a neqoxec
(summoned) and a red devil (summoned).

Vanquished Creatures
  A profane servitor (Abyss:3)
  Jorgrun (Shoals:1)
  3 deep elf blademasters
  2 deep elf master archers (Elf:3)
  A kraken (Shoals:4)
  2 tentacled starspawn (Abyss:2)
  Donald (Shoals:2)
  The ghost of bobo the Eclecticist, a journeyman DEEE of Sif Muna (Shoals:3)
  3 deep elf sorcerers
  Louise (Shoals:3)
  3 deep elf elementalists (Elf:3)
  2 imperial myrmidons (Desolation)
  A deep elf demonologist (Elf:3)
  2 deep elf annihilators
  A halazid warlock (Desolation)
  2 crystal guardians (Desolation)
  2 ragged hierophants (Desolation)
  A blizzard demon (Abyss:2)
  2 deep elf high priests (Elf:3)
  6 deep elf death magi
  The ghost of Lysca the Eclecticist, a journeyman DECj of Kikubaaqudgha (Lair:3)
  5 merfolk impalers
  5 servants of whispers (Desolation)
  9 merfolk javelineers
  A great orb of eyes (Abyss:2)
  Fannar (Orc:2)
  An ice dragon (Lair:5)
  Harold (Lair:2)
  4 hydras
  4 merfolk aquamancers
  8 peacekeepers
  3 centaur warriors
  A demonspawn (Orc:2)
  A merfolk avatar (Shoals:4)
  2 boulder beetles
  4 alligator snapping turtles
  3 two-headed ogres
  4 satyrs
  31 dancing weapons
  A hell hog (Abyss:3)
  17 deep elf knights
  5 death yaks (Lair:5)
  8 thrashing horrors
  Sonja (Lair:4)
  2 soul eaters (Orc:2)
  6 orc high priests
  5 wretched stars
  4 skysharks
  8 sea snakes
  A glowing orange brain (Abyss:2)
  The ghost of Gelion the Mimic, a novice OpSh of Gozag (D:7)
  2 lindwurms (Lair:5)
  An ironbound convoker (Desolation)
  32 harpies
  7 deep elf archers
  5 orc knights
  A phantasmal warrior (Abyss:2)
  19 fauns
  7 orc sorcerers
  41 deep elf pyromancers
  A wolf spider (Lair:5)
  37 deep elf zephyrmancers
  16 manticores
  A worldbinder (Abyss:2)
  11 merfolk sirens
  4 guardian serpents
  5 cyclopes
  A rust devil (Orc:2)
  A centaur zombie (Abyss:2)
  4 elephants (Lair:5)
  4 smoke demons
  7 water nymphs
  5 torpor snails (Lair:5)
  13 black mambas
  16 cane toads
  An unseen horror (D:10)
  An unseen horror zombie (D:7)
  11 komodo dragons
  Maggie (D:8)
  3 rime drakes
  An ice devil (Orc:2)
  An efreet (D:9)
  A kobold demonologist (D:10)
  A red devil (Orc:2)
  An ancient zyme (Abyss:2)
  30 merfolk
  A queen bee (shapeshifter) (D:9)
  5 trolls
  10 wind drakes
  3 tyrant leeches (Lair:5)
  37 saltlings (Desolation)
  11 hornets (Lair:5)
  4 raiju
  9 snapping turtles
  22 blink frogs
  Grinder (D:4)
  13 dream sheep
  Sigmund (D:5)
  An ettin zombie (Abyss:2)
  5 small abominations
  An air elemental (Elf:2)
  47 yaks
  A vampire (D:9)
  11 water elementals
  18 wyverns
  A ynoxinul (Abyss:2)
  5 basilisks
  3 fire elementals
  An unseen horror simulacrum (D:7)
  4 chaos spawn
  5 steam dragons
  7 vampire mosquitoes
  3 redbacks
  7 large abominations
  A warg (Orc:1)
  A warg (shapeshifter) (Elf:3)
  An acid dragon (D:9)
  A hell hound (Abyss:2)
  21 water moccasins
  Duvessa (D:5)
  2 sky beasts
  29 orc warriors
  2 ice beasts (D:6)
  3 black bears
  4 centaurs
  4 wolves (Lair:4)
  15 starcursed masses
  4 ogres
  5 phantoms
  3 kobold brigands
  2 gnoll sergeants
  18 bullfrogs
  An earth elemental (Elf:2)
  5 scorpions
  Dowan (D:5)
  21 wights
  A killer bee (D:6)
  3 howler monkeys
  An electric eel (Lair:5)
  2 quasits (Abyss:2)
  A wyvern simulacrum (D:7)
  A crimson imp (Abyss:2)
  7 jellies
  24 orc priests
  3 hounds
  4 iguanas
  2 iron imps (Abyss:2)
  4 sleepcaps
  22 orc wizards
  A spectral howler monkey (D:7)
  A howler monkey zombie (D:7)
  17 gnolls
  9 adders
  A shadow imp (D:5)
  4 white imps
  4 ufetubi
  5 worms (D:2)
  96 orcs
  8 ball pythons
  11 endoplasms
  4 giant cockroaches
  5 goblins
  3 hobgoblins (D:1)
  19 jackals
  4 quokkas
  5 bats
  2 frilled lizards
  15 kobolds
  4 rats
  3 tentacles (Shoals:4)
1157 creatures vanquished.

Vanquished Creatures (others)
  A merfolk avatar (Shoals:4)
  A deep elf pyromancer (Elf:2)
  A water elemental (Shoals:4)
  A small abomination (Abyss:2)
  A centaur (D:9)
  4 starspawn tentacles (Abyss:2)
  5 tentacles (Shoals:4)
14 creatures vanquished.

Grand Total: 1171 creatures vanquished

Notes
Turn   | Place    | Note
-------+----------+-------------------------------------------
     0 | D:1      | Joey1 the Minotaur Fighter began the quest for the Orb.
     0 | D:1      | Reached XP level 1. HP: 19/19 MP: 0/0
    20 | D:1      | Found a faded altar of an unknown god.
    22 | D:1      | Found Qyxahipt's Distillery.
    32 | D:1      | Reached XP level 2. HP: 21/27 MP: 1/1
   167 | D:1      | Reached skill level 1 in Dodging
   309 | D:1      | Reached XP level 3. HP: 32/33 MP: 2/2
   817 | D:2      | You fall into a shaft and drop 1 floor!
   817 | D:3      | Found a glowing golden altar of the Shining One.
   817 | D:3      | Found a faded altar of an unknown god.
   835 | D:4      | Noticed a phantom
   846 | D:4      | Killed a phantom
   847 | D:4      | Reached XP level 4. HP: 41/41 MP: 3/3
   851 | D:4      | Found a radiant altar of Vehumet.
   890 | D:4      | Reached XP level 5. HP: 33/47 MP: 4/4
   978 | D:4      | Reached skill level 5 in Fighting
   978 | D:4      | Reached skill level 5 in Shields
  1017 | D:3      | Found an opulent altar of Gozag.
  1020 | D:3      | Found Naet Unk's Distillery.
  1033 | D:3      | Bought a potion of heal wounds for 70 gold pieces
  1418 | D:2      | Found Qumnipn's Armour Emporium.
  1450 | D:2      | Found Azyl's Antique Weapon Shop.
  1522 | D:2      | Reached XP level 6. HP: 55/56 MP: 5/5
  1754 | D:2      | Found Poetirie's Distillery.
  1778 | D:2      | Identified the +12 plate armour of the Orb Guardian {rN+}
  1816 | D:2      | Found Fuacikeg's Magic Scroll Shoppe.
  1822 | D:2      | Bought a scroll of identify for 26 gold pieces
  1822 | D:2      | Bought a scroll of teleportation for 39 gold pieces
  1948 | D:2      | Found Regrifoits's Magic Scroll Boutique.
  2702 | D:4      | Reached skill level 5 in Axes
  2782 | D:4      | Noticed Grinder
  2792 | D:4      | Killed Grinder
  2793 | D:4      | Reached XP level 7. HP: 54/61 MP: 6/6
  3146 | D:5      | Entered Level 5 of the Dungeon
  3415 | D:5      | Noticed Duvessa
  3415 | D:5      | Noticed Dowan
  3423 | D:5      | Killed Duvessa
  3424 | D:5      | Reached XP level 8. HP: 68/68 MP: 7/7
  3434 | D:5      | Killed Dowan
  3489 | D:5      | Noticed Sigmund
  3505 | D:5      | Killed Sigmund
  3506 | D:5      | Reached skill level 10 in Axes
  4197 | D:6      | Found a staircase to the Ecumenical Temple.
  4268 | D:6      | Found a basalt altar of Yredelemnul.
  4290 | D:6      | Found a bloodstained altar of Trog.
  4318 | D:6      | Found Ysytofeh's Antique Armour Emporium.
  4324 | D:6      | Reached XP level 9. HP: 74/74 MP: 8/8
  4333 | D:6      | Found a sacrificial altar of Ru.
  4795 | D:6      | Bought an embroidered cloak for 180 gold pieces
  4805 | D:6      | Upgraded the game from 0.31-a0-743-g45f7035092 to
                  | 0.31-a0-744-gbc345e7fcb
  4996 | D:1      | Bought a potion of curing for 33 gold pieces
  4996 | D:1      | Bought a potion of lignification for 33 gold pieces
  5113 | Temple   | Entered the Ecumenical Temple
  5123 | Temple   | Became a worshipper of Warmaster Okawaru
  5148 | D:7      | Found a runed translucent gate.
  5148 | D:7      | Found a runed translucent gate.
  5148 | D:7      | Found a runed translucent gate.
  5304 | D:7      | Reached skill level 15 in Axes
  5304 | D:7      | Reached * piety under Okawaru
  5332 | D:7      | Found a flagged portal.
  5344 | Bailey   | Entered a bailey
  5512 | Bailey   | Noticed an orc knight
  5548 | Bailey   | Killed an orc knight
  5549 | Bailey   | Reached XP level 10. HP: 34/81 MP: 6/9
  6056 | D:7      | Noticed Gelion's ghost (novice OpSh)
  6311 | D:2      | Bought a scroll of blinking for 97 gold pieces
  6731 | D:8      | Noticed Maggie
  6736 | D:8      | Reached ** piety under Okawaru
  6751 | D:8      | Killed Maggie
  7199 | D:8      | Found a blossoming altar of Fedhas.
  7265 | D:8      | Reached *** piety under Okawaru
  7496 | D:9      | Found a staircase to the Orcish Mines.
  7545 | D:9      | Reached skill level 10 in Fighting
  7652 | D:9      | Found Ciefuch's Jewellery Emporium.
  7728 | D:9      | Noticed a two-headed ogre
  7874 | D:9      | Reached XP level 11. HP: 99/99 MP: 10/10
  7933 | D:9      | Reached **** piety under Okawaru
  7934 | D:9      | Reached skill level 5 in Armour
  7938 | D:9      | Noticed a centaur warrior
  7959 | D:9      | Killed a centaur warrior
  7960 | D:9      | Reached skill level 5 in Dodging
  8233 | D:9      | Found a burning altar of Makhleb.
  8396 | D:9      | Noticed a two-headed ogre
  8412 | D:9      | Found a runed translucent door.
  8557 | D:10     | Entered Level 10 of the Dungeon
  8573 | D:10     | Found a staircase to the Lair.
  8991 | D:10     | Identified the +3 robe of Untold Secrets {SInv Stlth+}
  9181 | D:10     | Reached ***** piety under Okawaru
  9341 | D:10     | Found a hazy altar of Hepliaklqana.
  9453 | Lair:1   | Entered Level 1 of the Lair of Beasts
  9850 | Lair:1   | Reached XP level 12. HP: 89/117 MP: 11/11
 10375 | Lair:2   | Reached ****** piety under Okawaru
 10427 | Lair:2   | Noticed Harold
 10455 | Lair:2   | Killed Harold
 10455 | Lair:2   | Identified the +5 scale mail of Pittia {rF- rN+ Str-2
                  | Dex+4} (Okawaru gifted it to you on level 2 of the Lair of
                  | Beasts)
 10455 | Lair:2   | Received a gift from Okawaru
 10745 | Lair:2   | Reached skill level 10 in Shields
 11258 | Lair:3   | Found a hole to the Spider Nest.
 11276 | Lair:3   | Noticed a six-headed hydra
 11292 | Lair:3   | Killed a six-headed hydra
 11293 | Lair:3   | Reached skill level 15 in Fighting
 11540 | Lair:3   | Noticed an eight-headed hydra
 11550 | Lair:3   | Killed an eight-headed hydra
 11613 | Lair:3   | Reached XP level 13. HP: 100/126 MP: 12/12
 11613 | Lair:3   | Found a staircase to the Shoals.
 12041 | Lair:4   | Noticed Sonja
 12047 | Lair:4   | Killed Sonja
 12048 | Lair:4   | Reached skill level 1 in Evocations
 12151 | Lair:4   | Noticed Lysca's ghost (journeyman DECj)
 12164 | Lair:4   | Found a runed translucent gate.
 12164 | Lair:4   | Found a runed translucent gate.
 12165 | Lair:4   | Found a runed translucent gate.
 12300 | Lair:4   | Found a staircase to the Slime Pits.
 12762 | Lair:3   | Identified the +2 chain mail of Patterns {Will+ Int+3}
                  | (Okawaru gifted it to you on level 3 of the Lair of Beasts)
 12762 | Lair:3   | Received a gift from Okawaru
 12777 | Lair:3   | Reached skill level 5 in Evocations
 12782 | Lair:3   | Killed Lysca's ghost
 12867 | Lair:5   | Entered Level 5 of the Lair of Beasts
 13322 | Lair:5   | Identified the +8 pearl dragon scales of Refuge {Rampage
                  | rN+ Regen+ Int+3} (Okawaru gifted it to you on level 5 of
                  | the Lair of Beasts)
 13322 | Lair:5   | Received a gift from Okawaru
 13323 | Lair:5   | Reached XP level 14. HP: 124/135 MP: 13/13
 13335 | Lair:5   | Reached skill level 10 in Evocations
 13421 | Lair:5   | Identified the +1 ring mail "Udastruro" {Harm MP-9 Str+7
                  | Dex-4}
 13447 | Lair:5   | Reached skill level 1 in Invocations
 14094 | Lair:5   | Found a runed translucent door.
 14114 | Lair:5   | Identified the +0 chain mail of Kodofot {Harm rF+ rN+}
 14791 | Orc:1    | Entered Level 1 of the Orcish Mines
 14811 | Orc:1    | Reached skill level 5 in Invocations
 15021 | Orc:2    | Entered Level 2 of the Orcish Mines
 15303 | Orc:2    | Found Tekoveqo's Assorted Antiques.
 15306 | Orc:2    | Bought a scroll labelled MISETE OTUKKAGG for 26 gold pieces
 15455 | Orc:1    | Noticed Fannar
 15463 | Orc:1    | Received a gift from Okawaru
 15477 | Orc:2    | Killed Fannar
 15754 | Orc:2    | Found a staircase to the Elven Halls.
 16069 | Orc:2    | Found Nitwinn's Distillery.
 16072 | Orc:2    | Found Pappull's General Store.
 16724 | Orc:2    | Reached XP level 15. HP: 141/145 MP: 19/21
 16777 | Orc:2    | Found Fudabys's Antique Armour Boutique.
 16777 | Orc:2    | Found Vexke's Book Shop.
 16778 | Orc:2    | Found a one-way gate leading to the halls of Pandemonium.
 17089 | Shoals:1 | Entered Level 1 of the Shoals
 17164 | Shoals:1 | Reached skill level 10 in Invocations
 17539 | Shoals:1 | Identified the +1 broad axe of Sharkskin {speed, rF- rN+
                  | SInv} (Okawaru gifted it to you on level 1 of the Shoals)
 17539 | Shoals:1 | Received a gift from Okawaru
 17929 | Shoals:1 | Noticed Jorgrun
 17962 | Shoals:1 | Killed Jorgrun
 17986 | Shoals:1 | Identified the +1 chain mail "Meblacas" {-Tele rC+ rN+
                  | Regen+} (Okawaru gifted it to you on level 1 of the Shoals)
 17986 | Shoals:1 | Received a gift from Okawaru
 19197 | Shoals:3 | Noticed Donald
 19346 | Shoals:3 | Noticed Louise
 19357 | Shoals:3 | Killed Louise
 19677 | Shoals:2 | Killed Donald
 19808 | Shoals:3 | Reached XP level 16. HP: 112/157 MP: 22/24
 19862 | Shoals:3 | Identified the +7 plate armour "Vaqu" {rElec Will+ SInv}
                  | (Okawaru gifted it to you on level 3 of the Shoals)
 19862 | Shoals:3 | Received a gift from Okawaru
 20348 | D:2      | Bought a scroll of identify for 20 gold pieces
 20348 | D:2      | Bought a scroll of identify for 20 gold pieces
 20348 | D:2      | Bought a scroll of enchant weapon for 75 gold pieces
 20348 | D:2      | Bought a scroll of fog for 40 gold pieces
 20348 | D:2      | Bought a scroll of identify for 20 gold pieces
 20348 | D:2      | Bought a scroll of fear for 40 gold pieces
 20348 | D:2      | Bought a scroll of enchant weapon for 75 gold pieces
 20348 | D:2      | Bought a scroll of torment for 95 gold pieces
 20452 | D:2      | Bought a scroll of enchant weapon for 97 gold pieces
 20452 | D:2      | Bought a scroll of fog for 52 gold pieces
 20467 | D:2      | Bought a potion of resistance for 140 gold pieces
 20467 | D:2      | Bought 2 potions of curing for 84 gold pieces
 20467 | D:2      | Bought a potion of heal wounds for 70 gold pieces
 20467 | D:2      | Bought a potion of haste for 140 gold pieces
 20467 | D:2      | Bought a potion of curing for 42 gold pieces
 20467 | D:2      | Bought a potion of haste for 140 gold pieces
 20511 | D:3      | Bought a potion of might for 56 gold pieces
 20511 | D:3      | Bought 2 potions of might for 112 gold pieces
 20511 | D:3      | Bought a potion of lignification for 42 gold pieces
 20511 | D:3      | Bought a potion of curing for 42 gold pieces
 20511 | D:3      | Bought a potion of haste for 140 gold pieces
 20511 | D:3      | Bought a potion of lignification for 42 gold pieces
 20511 | D:3      | Bought a potion of mutation for 112 gold pieces
 20575 | D:1      | Bought a potion of haste for 110 gold pieces
 20575 | D:1      | Bought a potion of resistance for 110 gold pieces
 20575 | D:1      | Bought a potion of haste for 110 gold pieces
 20701 | D:6      | Bought an embroidered cloak for 180 gold pieces
 20846 | Orc:2    | Acquired the amulet of Vitality {RegenMP++ Regen++}
 20846 | Orc:2    | Found the amulet of Vitality {RegenMP++ Regen++}
 21389 | D:7      | Killed Gelion's ghost
 21662 | Shoals:3 | Found a large runed translucent door.
 21662 | Shoals:3 | Found a large runed translucent door.
 21663 | Shoals:3 | Noticed bobo's ghost (journeyman DEEE)
 21683 | Shoals:3 | Killed bobo's ghost
 22036 | Shoals:4 | Entered Level 4 of the Shoals
 22108 | Shoals:4 | Found Ituigh's CLEARANCE SALE!.
 22117 | Shoals:4 | Bought the +2 pair of gloves "Met Luz" {Rampage rC+ Regen+
                  | Str+2} for 130 gold pieces
 22117 | Shoals:4 | Bought a potion of curing for 12 gold pieces
 22437 | Shoals:4 | Identified the ring "Ullaoh" {rElec rC+}
 22830 | Shoals:4 | Identified the +2 hat of the Soft Locust {rN+} (Okawaru
                  | gifted it to you on level 4 of the Shoals)
 22830 | Shoals:4 | Received a gift from Okawaru
 22889 | Shoals:4 | Noticed a kraken
 22923 | Shoals:4 | Killed a kraken
 23295 | Shoals:4 | Got a barnacled rune of Zot
 23298 | Shoals:4 | Got the Anthology of Thunder and Gloom
 23373 | Shoals:4 | Got the Codex of Planar Anemomancy
 23861 | Shoals:4 | Found Ituigh's CLEARANCE SALE!.
 24601 | Elf:1    | Entered Level 1 of the Elven Halls
 24601 | Elf:1    | Found a runed translucent gate.
 24601 | Elf:1    | Found a runed translucent gate.
 24601 | Elf:1    | Found a runed translucent gate.
 24601 | Elf:1    | Found a runed translucent gate.
 24601 | Elf:1    | Found a runed translucent gate.
 24601 | Elf:1    | Found a runed translucent gate.
 24604 | Elf:1    | Found a runed translucent door.
 24606 | Elf:1    | Found a runed translucent door.
 24612 | Elf:1    | Reached XP level 17. HP: 168/168 MP: 25/25
 24979 | Elf:1    | Received a gift from Okawaru
 25533 | Elf:2    | Found a crumbling gateway.
 25565 | Desolati | Entered the Desolation of Salt
 25593 | Desolati | Reached skill level 15 in Shields
 25669 | Desolati | Received a gift from Okawaru
 25680 | Desolati | Identified the +0 scale mail of the Ninety-Nine Tales {Harm
                  | rElec rC- Int+2}
 25752 | Desolati | Identified the +2 ring mail of Boredom {rPois Dex+3}
 25799 | Desolati | Identified the ring "Ewko" {Wiz rCorr Int+3 Dex+3 Stlth+}
 25970 | Desolati | Identified the +0 pair of gloves of Dice, Bag, and Bottle
                  | {+Blink Int+4} (Okawaru gifted it to you in the Desolation
                  | of Salt)
 25970 | Desolati | Received a gift from Okawaru
 26059 | Desolati | Identified the +5 halberd "Gaumpudy" {freeze, Stlth+}
 26060 | Desolati | Identified the amulet "Caloisy" {RegenMP Dex+3}
 26065 | Desolati | Identified the ring of Keckudu {rPois MP+9 Str-2 Int+5
                  | Dex-5}
 26068 | Desolati | Identified the amulet "Zimustrocw" {Spirit -Cast rN+ Str+4
                  | Stlth+}
 26076 | Desolati | Got the Treatise on Reformation
 26266 | Desolati | Identified the staff of Symmetry {rElec rC+ Int+3 Air}
 26275 | Desolati | Identified the +4 scale mail "Efaloag" {rCorr Str+2 SInv
                  | Stlth-}
 26374 | Elf:2    | Found a runed translucent door.
 26522 | Elf:2    | Reached skill level 10 in Armour
 26625 | Elf:2    | Reached skill level 10 in Dodging
 26690 | Elf:2    | Reached XP level 18. HP: 166/178 MP: 26/26
 26696 | Elf:2    | Found a huge runed translucent gate.
 26696 | Elf:2    | Found a huge runed translucent gate.
 26696 | Elf:2    | Found a huge runed translucent gate.
 26696 | Elf:2    | Found a huge runed translucent gate.
 26696 | Elf:2    | Found a huge runed translucent gate.
 27380 | Elf:3    | Entered Level 3 of the Elven Halls
 27692 | Elf:3    | Identified the +0 scale mail of the Yeti {Rampage} (Okawaru
                  | gifted it to you on level 3 of the Elven Halls)
 27692 | Elf:3    | Received a gift from Okawaru
 27711 | Abyss:2  | Cast into level 2 of the Abyss (a deep elf sorcerer)
 27714 | Abyss:2  | Found a corrupted altar of Lugonu.
 27785 | Abyss:2  | Noticed a lich
 27888 | Abyss:2  | Found a corrupted altar of Lugonu.
 28013 | Abyss:2  | Gained mutation: You are clumsy. (Dex -2) [a neqoxec]
 28015 | Abyss:2  | Gained mutation: Armour fits poorly on your strangely
                  | shaped body. [a neqoxec]
 28018 | Abyss:2  | HP: 5/182 [smoke demon/divine providence (13)]
 28020 | Arena    | Entered the Arena
 28299 | Abyss:2  | Paralysed by accursed screaming for 2 turns
 28495 | Elf:3    | Escaped the Abyss
 28500 | Arena    | Entered the Arena
 28703 | Elf:2    | Identified the +0 ring mail "Baips" {rF+}
 29008 | D:1      | Bought a potion of enlightenment for 55 gold pieces
 29008 | D:1      | Bought a potion of enlightenment for 55 gold pieces
 29399 | Elf:3    | Acquired 649 gold pieces
 29623 | Elf:3    | Received a gift from Okawaru
 29778 | Elf:3    | Received a gift from Okawaru
 29790 | Elf:3    | Identified the +7 morningstar of the Elven Halls {flame,
                  | rF- rN+++ Str+4 Int-5}
 29790 | Elf:3    | Identified the ring of Inkoam {rC+ Dex+6}
 29791 | Abyss:3  | Cast into level 3 of the Abyss (a deep elf sorcerer)
 29798 | Abyss:3  | Found an iron altar of Okawaru.
 29841 | Abyss:3  | Reached XP level 19. HP: 169/191 MP: 27/27
 29854 | Abyss:3  | Noticed a profane servitor
 29876 | Abyss:3  | Killed a profane servitor
 29888 | Abyss:3  | Received a gift from Okawaru
 29956 | Elf:3    | Escaped the Abyss
 30108 | Elf:3    | Shot with an arrow by a deep elf master archer

Illustrated notes

Levels and vault maps discovered:
D:1:      dpeg_arrival_arbitrary_c, layout_basic,
          nicolae_ecumenical_snake_handling, serial_shops, shop,
          dk_noncrumbling_2, minmay_pentomino_u2
D:2:      layout_loops_ring, serial_shops, nicolae_shop_peninsula, shop,
          nicolae_shop_rolled_up, shop, shop
D:3:      layout_basic, nicolae_overflow_ecumenical_swirl,
          nicolae_gozag_cash_rules_everything_around_me, serial_shops,
          nicolae_shop_crystal
D:4:      layout_loops_ring, vehumet_altar_wand_db, uniq_grinder
D:5:      kennysheep_six_static_rooms, layout_basic, item_on_display_a,
          uniq_duvessa, uniq_sigmund
D:6:      hangedman_cross_stitches, layout_rooms,
          mainiacjoe_overflow_six_doors_small,
          mainiacjoe_overflow_cross_hatched, mainiacjoe_overflow_chevrons,
          temple_statues, serial_shops, shop
D:7:      layout_cave_pools, gammafunk_ghost_necromancy, enter_bailey_2,
          palyth_stone_intersect
D:8:      layout_basic, fedhas_altar_1, uniq_maggie
D:9:      minmay_the_grid_plus_closed [minmay_the_grid_eight,
          minmay_the_grid_plusring, minmay_the_grid_x, minmay_the_grid_mess,
          minmay_the_grid_prize_big_room], layout_cave_pools,
          lightli_temple_of_fire, orc_0_dummy, minivault_21, minivault_27,
          minmay_st_funbox, minmay_shop_enchanted_jewellery,
          nicolae_twisty_statue_hallways
D:10:     layout_roguey [special_room_orc], marbit_many_paths,
          grunt_lair_entry_orc_guard_hut
Temple:   nicolae_temple_god_jail
Lair:1:   layout_roguey, grunt_megastairs_4
Lair:2:   layout_hall_layers, nicolae_quartered_pool_impasse,
          serial_bayou_pond_c, uniq_harold
Lair:3:   layout_regular_city, elwin_shoals_entry_stream, spider_nest_entry_webs
Lair:4:   layout_misc_corridors, nicolae_slime_entry_field_trip,
          gammafunk_ghost_split, uniq_sonja
Lair:5:   hangedman_lair_tendril_chambers, layout_regular_city, wormcave,
          serial_bayou_shore_a
Shoals:1: layout_shoals, uniq_jorgrun
Shoals:2: layout_shoals
Shoals:3: layout_shoals, ebering_ghost_disaster_area, uniq_louise, uniq_donald
Shoals:4: shoals_end_simple, layout_shoals, nicolae_shop_clearance
Orc:1:    layout_caves, uniq_fannar
Orc:2:    pf_orc_diabolical, layout_caves, serial_shops,
          nicolae_shop_behind_doors, guppyfry_library_mini
Elf:1:    nicolae_elf_arrival_dilemma, layout_rooms,
          hangedman_elven_crosses_minicolossus
Elf:2:    elven_hall_of_blades_hangedman_alternative [nicolae_blade_tridents],
          layout_gridlike, portal_desolation_entry_twin_temple, minivault_13
Elf:3:    minmay_elf_hall_statues, layout_gridlike, grunt_megastairs_3

Skill      XL: |  1  2  3  4  5  6  7  8  9 10 11 12 13 14 15 16 17 18 19 |
---------------+----------------------------------------------------------+-----
Dodging        | 1 2 3 4 6 8 10 | 10.0
Fighting       | 4 5 10 14 15 16 18 19 20 22 | 22.0
Shields        | 4 5 6 7 11 15 16 | 16.0
Axes           | 3 4 6 9 12 15 16 17 18 20 21 22 | 22.0
Armour         | 4 6 8 10 | 10.0
Evocations     | 9 10 | 10.0
Invocations    | 9 12 13 | 13.6

Action                     |  1- 3 |  4- 6 |  7- 9 | 10-12 | 13-15 | 16-18 | 19-21 || total
---------------------------+-------+-------+-------+-------+-------+-------+-------++-------
  Melee: War axe           |    60 |   115 |   271 |   563 |   871 |       |       ||  1880
         Headbutt          |     5 |    15 |    49 |   128 |   298 |   435 |    19 ||   949
         Flail             |       |       |       |    13 |     3 |       |       ||    16
         Hand axe          |       |       |       |       |     5 |       |       ||     5
         Broad axe         |       |       |       |       |   418 |  1653 |    94 ||  2165
 Invoke: Heroism           |       |       |     2 |     4 |     5 |     4 |     1 ||    16
         Finesse           |       |       |       |     1 |     3 |     2 |     1 ||     7
         Duel              |       |       |       |       |       |     2 |       ||     2
  Evoke: Phial of floods   |       |       |       |       |       |     1 |       ||     1
    Use: Scroll            |       |       |     6 |     7 |    10 |    12 |     2 ||    37
         Potion            |       |       |     5 |     1 |       |    10 |     1 ||    17
   Stab: Held in net/web   |       |       |       |     1 |       |       |       ||     1
 Armour: Scale mail        |    24 |       |       |       |       |       |       ||    24
         Plate armour      |     8 |    90 |   224 |   407 |   916 |  1039 |    81 ||  2765
         Ring mail         |     8 |       |       |       |       |       |       ||     8
  Dodge: Dodged            |    41 |    31 |    85 |   150 |   274 |   328 |    19 ||   928
  Block: Buckler           |    13 |    23 |    66 |    84 |       |       |       ||   186
         Kite shield       |       |       |       |    95 |   626 |   236 |       ||   957
         Reflection        |       |       |       |     3 |    42 |    10 |       ||    55
         Tower shield      |       |       |       |       |       |   539 |    78 ||   617

Table legend: (Time is in decaauts)
 A = Elapsed time spent in this place.
 B = Non-inter-level travel time spent in this place.
 C = Inter-level travel time spent in this place.
 D = Time resting spent in this place.
 E = Time spent auto-exploring this place.
 F = Levels seen in this place.
 G = Mean time per level.
                   A        B        C        D        E       F      G
               +--------+--------+--------+--------+--------+-----+--------+
         Total |  29335 |  25228 |   4107 |   2105 |  14561 |  32 |  916.7 |
       Dungeon |  10706 |   8262 |   2444 |    428 |   6148 |  10 | 1070.6 |
        Temple |     19 |     19 |      0 |      0 |      0 |   1 |   19.0 |
          Lair |   5619 |   5121 |    498 |    359 |   3583 |   5 | 1123.8 |
        Shoals |   5652 |   5249 |    403 |    794 |   2516 |   4 | 1413.0 |
  Orcish Mines |   2402 |   1898 |    504 |    201 |    936 |   2 | 1201.0 |
   Elven Halls |   2984 |   2727 |    257 |    150 |   1098 |   3 |  994.7 |
         Abyss |    732 |    732 |      0 |      0 |      0 |   3 |  244.0 |
        Bailey |    481 |    481 |      0 |    127 |     45 |   1 |  481.0 |
    Desolation |    671 |    671 |      0 |     31 |    235 |   1 |  671.0 |
         Arena |     66 |     66 |      0 |     15 |      0 |   2 |   33.0 |
               +--------+--------+--------+--------+--------+-----+--------+

Top non-repeatable levels by time:
Shoals:4: 1983 daAuts
   Orc:2: 1891 daAuts
  Lair:5: 1779 daAuts
Shoals:3: 1451 daAuts
     D:9: 1265 daAuts
   Elf:2: 1258 daAuts
  Lair:3: 1214 daAuts
Shoals:2: 1175 daAuts
     D:5: 1157 daAuts
     D:8: 1137 daAuts
     D:2: 1124 daAuts
     D:6: 1109 daAuts
     D:4: 1076 daAuts
     D:3: 1049 daAuts
Shoals:1: 1042 daAuts
